 Dungeon Crawl Stone Soup version 0.32-a0-128-g77eb882913 (webtiles) character file.

Game seed: 15751976030722059615

74 zeratav the Sneak (level 4, 0/29 HPs)
             Began as an Octopode Shapeshifter on Feb 8, 2024.
             Slain by a gnoll
             ... wielding a +0 spear
              (3 damage)
             ... on level 2 of the Dungeon.
             The game lasted 00:01:23 (1313 turns).

zeratav the Sneak (Octopode Shapeshifter)           Turns: 1313, Time: 00:01:24

Health: 0/29       AC:  1    Str: 15    XL:     4   Next: 28%
Magic:  4/4        EV: 12    Int: 12    God:
Gold:   108        SH:  3    Dex: 11    Spells: 3/3 levels left

rFire   . .          .
                       - Unarmed
rCold   . . .        h - +0 buckler
rNeg    . . .        (helmet currently unavailable)
rPois   .            (no amulet)
rElec   .            (no ring)
rCorr   .            (no ring)
SInv    .            (no ring)
Will    .....        (no ring)
Stlth   ++++         (no ring)
HPRegen 0.24/turn    (no ring)
MPRegen 0.09/turn    (no ring)
                     (no ring)

%: no passive effects
@: beast-form
A: beast (slay +1), almost no armour, amphibious, 8 rings, camouflage 1,
gelatinous body 1, (nimble swimmer 1), tentacles
a: Begin Untransformation


You were on level 2 of the Dungeon.
You were a hulking beast.
You visited 1 branch of the dungeon, and saw 2 of its levels.

You collected 108 gold pieces.


Innate Abilities, Weirdness & Mutations

You are a hulking beast.
Your limbs bulge with bestial killing power. (Slay +1)
You cannot wear most types of armour.
You are amphibious.
You can wear up to eight rings at the same time.
Your skin changes colour to match your surroundings (Stealth+).
Your rubbery body absorbs attacks. (AC +1, EV +1)
((You are camouflaged when in or above water. (Stealth+)))
You have tentacles for arms and can constrict up to eight enemies at once.


   Skills:
 + Level 1.8 Fighting
 - Level 2.0 Dodging
 - Level 5.0 Stealth
 - Level 3.0 Unarmed Combat
 - Level 3.0 Shapeshifting


You had 3 spell levels left.
You didn't know any spells.
Your spell library contained the following spells:

 Spells                   Type           Power      Damage    Failure   Level
 Dazzling Flash           Conj/Hex       0%         N/A       80%         3
 Stone Arrow              Conj/Erth      0%         3d7       80%         3

Inventory:

Armour
 h - a +0 buckler (worn)
   (You found it on level 2 of the Dungeon)
Talismans
 b - a beast talisman
 c - a flux talisman
Scrolls
 e - 3 scrolls of identify {unknown}
 g - a scroll of brand weapon {unknown}
Potions
 a - a potion of lignification {!q}
 d - a potion of haste {unknown}
 f - a potion of resistance {unknown}

Dungeon Overview and Level Annotations

Branches:
Dungeon (2/15) Zot: 10688

Altars:

..........#.# ♣♣.♣
#..##'##..#.# ♣PP.♣
#)##ß.ß####.###♣..♣♣
.##.....###..#.♣.PP
##ß.....ß###...♣..♣
#.........##>..♣..♣
ß.........ß####♣♣.♣
...........'.##.#)###
ß.........ß#...gh...#
#.|.......#####.###.#
##ß.....ß## #.# #.#
###.....#######.###.#
##ß.ß##........##.#
##+##.######..##.###
#.##..............#
##.#########..##.#.#
#................#.#


You could see a gnoll.


Message History

No target in view!
No target in view!
No target in view!
No target in view!
No target in view!
No target in view!
No target in view!
No target in view!
No target in view!
No target in view!
No target in view!
Found a dyed leather armour.
HP[+4]
Your hp is fully restored (23).
A frilled lizard comes into view.
A frilled lizard is nearby!
The frilled lizard hisses angrily.
You tentacle-slap the frilled lizard.
You kill the frilled lizard!
Training target 5.0 for Stealth reached!
Your Stealth skill increases to level 5!
You need to enable at least one skill for training.
Unknown command.
Unknown command.
Found a stone staircase leading down.
You now have 100 gold pieces (gained 15).
Found a stone staircase leading down.
A bat comes into view.
A bat is nearby!
The helpless bat fails to defend itself.
You tentacle-slap the bat. You grab the bat. You constrict the bat.
You kill the bat!
No target in view!
No target in view!
No target in view!
No target in view!
No target in view!
No target in view!
No target in view!
No target in view!
No target in view!
No target in view!
No target in view!
No target in view!
No target in view!
No target in view!
No target in view!
You open the door.
There is an open door here.
You now have 108 gold pieces (gained 8).
You see here a staff of cold {staff}.
You open the door.
There is an open door here.
A gnoll comes into view. It is wielding a +0 spear.
The gnoll shouts!
You hear a shout!
A gnoll comes into view. It is wielding a +0 club.
The gnoll shouts!
You tentacle-slap the gnoll. Your grab misses the gnoll.
You block the gnoll's attack.
You closely miss the gnoll. You grab the gnoll. You constrict the gnoll.
The gnoll escapes!
You barely miss the gnoll. Your grab misses the gnoll. You squeeze the gnoll!
You kill the gnoll!
The gnoll barely misses you.
The gnoll hits you from afar with a +0 spear.
You have reached level 4!
HP[-2] MP[+1]
You now have 28 max hp (+5).
Your mp is fully restored (4).
You tentacle-slap the gnoll. Your grab misses the gnoll.
HP[+1]
You barely miss the gnoll. You grab the gnoll. You constrict the gnoll.
You block the gnoll's attack. The gnoll hits you with a +0 club.
The gnoll hits you from afar with a +0 spear!
* * * LOW HITPOINT WARNING * * *
The gnoll barely misses you.
HP[-10]
You take 10 damage, and now have 12/28 hp.
MASSIVE DAMAGE!! (PAUSE)
You tentacle-slap the gnoll. You constrict the gnoll.
You kill the gnoll!
You now have 29 max hp (+1).
The gnoll hits you with a +0 spear.
* * * LOW HITPOINT WARNING * * *
You see here a +0 club {mace}.
HP[-2]
You take 2 damage, and now have 10/29 hp.
You tentacle-slap the gnoll. You grab the gnoll.
You squeeze the gnoll, but do no damage.
You constrict the gnoll. The gnoll hits you with a +0 spear.
* * * LOW HITPOINT WARNING * * *
The gnoll hits you with a +0 spear.
* * * LOW HITPOINT WARNING * * *
HP[-7]
You take 7 damage, and now have 3/29 hp.
MASSIVE DAMAGE!! (PAUSE)
You tentacle-slap the gnoll but do no damage.
You constrict the gnoll. You barely miss the gnoll. You constrict the gnoll.
The gnoll hits you with a +0 spear.
You die...

Skill      XL: |  1  2  3 |
---------------+----------+-----
Stealth        | 2 4 5 |  5.0
Fighting       | |  1.8
Dodging        | |  2.0
Unarmed Combat | |  3.0
Shapeshifting  | |  3.0

Action                     |  1- 3 |  4- 6 || total
---------------------------+-------+-------++-------
  Melee: Unarmed           |    58 |     6 ||    64
         Tentacles         |     8 |     1 ||     9
         Constrict         |    11 |     2 ||    13
         Punch             |     2 |       ||     2
   Stab: Sleeping          |     8 |       ||     8
 Armour: Skin              |    25 |     6 ||    31
  Dodge: Dodged            |    33 |     1 ||    34
  Block: Buckler           |     2 |     1 ||     3

Levels and vault maps discovered:
D:1:      eino_arrival_tree_alley, layout_loops_ring
D:2:      layout_basic, serial_forest, infiniplex_forest_clump_tiny,
          infiniplex_forest_lined_3, infiniplex_forest_zigzag_1,
          infiniplex_forest_clump_long, infiniplex_forest_lined_room_2,
          infiniplex_forest_zigzag_2, infiniplex_forest_lined_ring,
          infiniplex_forest_clump_double, infiniplex_forest_lined_1,
          dk_noncrumbling_4

Notes
Turn   | Place    | Note
-------+----------+-------------------------------------------
     0 | D:1      | zeratav the Octopode Shapeshifter began the quest for the
                  | Orb.
     0 | D:1      | Reached XP level 1. HP: 13/13 MP: 1/1
     0 | D:1      | magus.rc [v1.9.6]
    28 | D:1      | Reached skill level 1 in Stealth
    91 | D:1      | Reached skill level 2 in Stealth
    92 | D:1      | Reached XP level 2. HP: 16/18 MP: 2/2
   323 | D:1      | Reached skill level 3 in Stealth
   627 | D:2      | Reached skill level 4 in Stealth
   627 | D:2      | Reached XP level 3. HP: 23/23 MP: 3/3
   716 | D:2      | You add the spells Stone Arrow and Dazzling Flash to your
                  | library.
   716 | D:2      | Got the Folio of Spellbinding Grit
  1081 | D:2      | Reached skill level 5 in Stealth
  1307 | D:2      | Reached XP level 4. HP: 21/28 MP: 4/4
  1311 | D:2      | HP: 5/29 [gnoll/+0 spear (5)]
  1313 | D:2      | Slain by a gnoll

Vanquished Creatures
  3 gnolls (D:2)
  2 adders (D:2)
  3 endoplasms
  2 giant cockroaches (D:1)
  4 kobolds
  2 quokkas (D:1)
  3 ball pythons
  5 bats
  3 frilled lizards
  A goblin (D:1)
  2 rats
30 creatures vanquished.

Table legend:
 A = Non-vault XP
 B = Vault XP
 C = Vault XP percentage of total XP
 D = Non-vault monster count
 E = Vault monster count
 F = Vault count percentage of total count
                 A         B        C        D         E       F
            +---------+---------+-------+---------+---------+-------
      Total |     106 |       0 |   0.0 |      30 |       0 |   0.0
            +---------+---------+-------+---------+---------+-------
        D:1 |      29 |       0 |   0.0 |      19 |       0 |   0.0
        D:2 |      77 |       0 |   0.0 |      11 |       0 |   0.0
            +---------+---------+-------+---------+---------+-------

Skill      XL: |  1  2  3 |
---------------+----------+-----
Stealth        | 2 4 5 |  5.0
Fighting       | |  1.8
Dodging        | |  2.0
Unarmed Combat | |  3.0
Shapeshifting  | |  3.0

Action                     |  1- 3 |  4- 6 || total
---------------------------+-------+-------++-------
  Melee: Unarmed           |    58 |     6 ||    64
         Tentacles         |     8 |     1 ||     9
         Constrict         |    11 |     2 ||    13
         Punch             |     2 |       ||     2
   Stab: Sleeping          |     8 |       ||     8
 Armour: Skin              |    25 |     6 ||    31
  Dodge: Dodged            |    33 |     1 ||    34
  Block: Buckler           |     2 |     1 ||     3

Illustrated notes

Table legend:
 A = Kills in this place as a percentage of kills in the entire game.
 B = Kills by you in this place as a percentage of kills by you in the entire game.
 C = Kills by friends in this place as a percentage of kills by friends in the entire game.
 D = Other kills in this place as a percentage of other kills in the entire game.
 E = Experience gained in this place as a percentage of experience gained in the entire game.
 F = Experience gained in this place divided by the number of levels of this place that you have seen.
                   A       B       C       D       E      F
               +-------+-------+-------+-------+-------+----------------------
         Total | 100.0 | 100.0 |   N/A |   N/A | 100.0 |  53.0
       Dungeon | 100.0 | 100.0 |   N/A |   N/A | 100.0 |  53.0
               +-------+-------+-------+-------+-------+----------------------

Table legend: (Time is in decaauts)
 A = Elapsed time spent in this place.
 B = Non-inter-level travel time spent in this place.
 C = Inter-level travel time spent in this place.
 D = Time resting spent in this place.
 E = Time spent auto-exploring this place.
 F = Levels seen in this place.
 G = Mean time per level.
                   A        B        C        D        E       F      G
               +--------+--------+--------+--------+--------+-----+--------+
         Total |   1310 |   1296 |     14 |     71 |   1019 |   2 |  655.0 |
       Dungeon |   1310 |   1296 |     14 |     71 |   1019 |   2 |  655.0 |
               +--------+--------+--------+--------+--------+-----+--------+

Top non-repeatable levels by time:
     D:2: 698 daAuts
     D:1: 612 daAuts
